[Event "Skagerrak Kragero 2022"]
[Site "Kragero"]
[Date "2022.06.06"]
[Round "9.5"]
[White "Doluhanova, Evgeniya"]
[Black "Sagafos, Magne"]
[Result "1/2-1/2"]
[ECO "D02"]
[WhiteElo "2270"]
[BlackElo "2361"]
[Annotator "TA"]
[PlyCount "69"]
[EventDate "2022.06.02"]
[EventType "tourn"]
[EventCountry "NOR"]
[SourceTitle "playchess.com"]
[Source "ChessBase"]
[SourceQuality "1"]
[TimeControl "5400+30"]

1. d4 Nf6 2. Nf3 g6 3. Nbd2 d5 4. b4 Bg7 5. e3 O-O 6. c4 a5 {D02: 1 d4 d5 2 Nf3 sidelines, including 2...Nf6 3 g3 and 2...Nf6 3 Bf4.} 7. b5 c5 8. Bb2 Nbd7 {The position is equal.} 9. Be2 b6 10. O-O Bb7 {[#]} 11. Re1 $146 ({Predecessor:} 11. Rc1 Rc8 12. cxd5 Bxd5 13. Bc4 Bb7 14. Qe2 e6 15. Bb3 Qe7 16. Nc4 Nd5 17. e4 {1-0 (45) Inarkiev,E (2690)-Wei,Y (2735) Magas 2018}) 11... Qb8 12. Bf1 Rd8 13. Rb1 e6 (13... Ne4 {seems wilder.} 14. Rc1 cxd4 15. exd4 e6) 14. cxd5 Nxd5 15. e4 N5f6 16. e5 Nd5 17. Nc4 cxd4 18. Bxd4 Nc5 (18... Ne7 $11) 19. Qc1 Nb4 20. Rxb4 axb4 $17 21. Nxb6 {[%cal Bc4b6,Bb6a8,Ba8c7][%mdl 32] [#]} Na4 22. Nxa8 $11 {Black must now prevent Nb6.} Bxf3 {[%mdl 64] Remove Defender} 23. gxf3 Rxd4 24. Nc7 Nc3 25. Qe3 {[#]} (25. Na6 $11 {keeps the balance.} Qb7 26. Qe3) 25... Qa7 ({Black should try} 25... Qd8 $1 $17 {...Nd1 is the strong threat.} 26. b6 Bf8) 26. a3 {[%cal Oa3b4] Strongly threatening axb4!} Bh6 27. Qxh6 {Intending Ne8 and mate.} Qxc7 28. Qe3 Qd8 (28... Qa7 $11) 29. axb4 $16 Nd1 {[%mdl 8192] [#]} (29... Na4 $16 {is tougher.}) 30. Qc1 $1 $18 Rd2 31. Re2 Rd4 (31... Rd5 {was called for.} 32. f4 Qb6) 32. Re1 Rd2 33. Re2 Rd4 34. Rc2 {And now Rc8 would win.} Qh4 35. Re2 $2 {[%emt 1:47:07] Weighted Error Value: White=0.65/Black=0.49} (35. b6 $18 Kg7 36. b7 Rxb4 37. Ba6) 1/2-1/2